AoeStats
← Placebo33

Glade

510544106Analyzed
1v1 RM · 2d ago on Oct 1, 2026· 66m 42s· 2 players
Game mode
Random Map
Map size
Tiny (2 player)
Population
200
Speed
Normal
Resources
Standard
Victory
Conquest
Starting age
Dark Age
Ending age
Imperial Age
RankedLock teamsTeams togetherTeam positionsShared explorationLock speedFull tech treeHidden civsTurbo modeCheats
Victory
Defeat
🇪🇸 Franks · Spain
705
+17
🇫🇷 Franks · France
736
-17
soldner.10
7:37 Loom
9:49 Feudal Age
15:33 Castle Age
19:49 Double-Bit Axe
24:26 Husbandry
25:08 Wheelbarrow
24:45 Town Watch
25:54 Squires
26:09 Gold Mining
26:23 Gambesons
27:01 Fletching
27:39 Ballistics
28:00 Hand Cart
28:32 Stone Mining
29:34 Scale Barding Armor
30:13 Man-at-Arms
30:18 Crossbowman
32:29 Bodkin Arrow
36:24 Imperial Age
34:22 Forging
34:47 Long Swordsman
35:38 Scale Mail Armor
35:44 Padded Archer Armor
36:20 Iron Casting
36:02 Masonry
40:19 Chemistry
39:09 Cavalier
40:52 Blast Furnace
41:28 Pikeman
41:49 Paladin
41:56 Two-Handed Swordsman
42:58 Halberdier
44:08 Chain Barding Armor
44:04 Chain Mail Armor
44:06 Leather Archer Armor
44:33 Architecture
44:06 Arrowslits
49:29 Plate Barding Armor
50:45 Champion
56:07 Elite Skirmisher
64:02 Siege Engineers
Placebo33
2:36 Loom
10:49 Feudal Age
11:36 Double-Bit Axe
18:24 Castle Age
18:03 Wheelbarrow
19:58 Pikeman
22:50 Squires
23:25 Gold Mining
23:27 Stone Mining
27:12 Scale Barding Armor
28:24 Chain Barding Armor
28:40 Forging
30:34 Iron Casting
31:04 Hand Cart
32:37 Scale Mail Armor
33:02 Town Watch
37:10 Imperial Age
34:52 Husbandry
35:52 Chain Mail Armor
39:48 Masonry
40:05 Elite Skirmisher
41:26 Padded Archer Armor
41:17 Fletching
45:06 Leather Archer Armor
44:48 Bodkin Arrow
45:25 Plate Mail Armor
45:57 Blast Furnace
45:38 Architecture
45:32 Ballistics
45:58 Conscription
45:40 Arson
47:43 Halberdier
55:18 Chemistry
54:26 Siege Engineers
56:53 Crossbowman
59:32 Chemistry
60:51 Cavalier
61:59 Light Cavalry
Connection lost

Rejoining the realm…

Still unreachable

The connection could not be restored.

Session expired

The server has moved on; the page needs a fresh start.